 Dungeon Crawl Stone Soup version 0.31-a0-636-ge1c0e020e0 (webtiles) character file.

Game seed: 14535568343134228377

37 AtlasWard the Chopper (level 3, -1/33 HPs)
             Began as a Draconian Monk on Aug 26, 2023.
             Slain by Natasha (4 damage)
             ... on level 2 of the Dungeon.
             The game lasted 00:01:03 (765 turns).

AtlasWard the Chopper (Draconian Monk)               Turns: 765, Time: 00:01:03

Health: -1/33      AC:  5    Str: 15    XL:     3   Next: 23%
Magic:  3/3        EV: 12    Int: 10    God:
Gold:   45         SH:  0    Dex: 13    Spells: 2/2 levels left

rFire   . . .        a - +0 hand axe
rCold   . . .        c - orb {light}
rNeg    . . .        (body armour unavailable)
rPois   .            (helmet restricted)
rElec   .            (no cloak)
rCorr   .            (no gloves)
SInv    .            (no boots)
Will    .....        (no amulet)
Stlth   +            (no ring)
HPRegen 0.25/turn    (no ring)
MPRegen 0.08/turn

%: no passive effects
@: slowed, glowing, very slow
A: AC +5, unfitting armour, cold-blooded
a: no special abilities


You were on level 2 of the Dungeon.
You visited 1 branch of the dungeon, and saw 2 of its levels.

You collected 45 gold pieces.

Inventory:

Hand Weapons
 a - a +0 hand axe (weapon)
Armour
 c - an orb of light (worn)
Scrolls
 e - a scroll of identify {unknown}
 g - a scroll of enchant armour {unknown}
 h - 3 scrolls of amnesia {unknown}
 i - a scroll of blinking {unknown}
 j - a scroll of poison {unknown}
 k - a scroll of teleportation {unknown}
Potions
 b - a potion of ambrosia
 d - a potion of mutation {unknown}
 f - a potion of degeneration {unknown}


   Skills:
 + Level 3.8 Fighting
 * Level 3.9 Axes
 - Level 2.6 Dodging
 - Level 0.3 Stealth


You had 2 spell levels left.
You didn't know any spells.
Your spell library was empty.

Dungeon Overview and Level Annotations

Branches:
Dungeon (2/15)

Altars:

Annotations:
D:2 Natasha


Innate Abilities, Weirdness & Mutations

Your plain brown scales are hard. (AC +5)
You cannot fit into any form of body armour.
You are cold-blooded and may be slowed by cold attacks.


Message History

The cerulean imp hits you with a +2 spear.
Things that are here:
a +0 club; a wand of flame (20); 25 gold pieces
There are monsters nearby!
You barely miss the cerulean imp. You hit Natasha. Natasha closely misses you.
The cerulean imp closely misses you.
Natasha mumbles some strange words.
The cerulean imp hits you but does no damage.
There are monsters nearby!
You closely miss Natasha.
Natasha is moderately wounded.
You hit the cerulean imp but do no damage.
Natasha misses you. The cerulean imp barely misses you.
The cerulean imp hits you but does no damage.
There are monsters nearby!
You slash Natasha!
Natasha is severely wounded.
You hit the cerulean imp but do no damage.
Natasha stares at you and mumbles some strange words.
The magic dart hits you!
The cerulean imp hits you with a +2 spear.
The cerulean imp hits you from afar with a +1 spear.
Natasha mumbles some strange words.
The cerulean imp hits you from afar with a +1 spear.
* * * LOW HITPOINT WARNING * * *
The cerulean imp misses you.
Unknown command.
Unknown command.
You barely miss the cerulean imp. You hit the endoplasm but do no damage.
You closely miss Natasha. Natasha claws you but does no damage.
The endoplasm hits you but does no damage.
The cerulean imp hits you with a +2 spear.
* * * LOW HITPOINT WARNING * * *
The cerulean imp hits you from afar with a +1 spear.
* * * LOW HITPOINT WARNING * * *
The cerulean imp hits you from afar with a +1 spear.
* * * LOW HITPOINT WARNING * * *
Natasha claws you.
You die...
Natasha curls up and begins to purr.

#..........#....##.##.
##.....######....##.###
#......## #.....#.#
#....##..#####...#.#.#
..### #.....##........
. ####.###†.#........
#..............)...
#...............
#.5J@.5.........
#..5h.......##..
#............. .
#..........###.
............#
..#..........#
...#..........# ..
#########.?.


You could see Natasha, 3 cerulean imps and an endoplasm.

Vanquished Creatures
  A dart slug (D:1)
  2 bats
  3 endoplasms
  2 goblins
  4 hobgoblins (D:1)
  2 jackals (D:1)
  4 kobolds
  2 quokkas (D:1)
  6 ball pythons (D:1)
  2 frilled lizards
  A rat (D:1)
29 creatures vanquished.

Notes
Turn   | Place    | Note
-------+----------+-------------------------------------------
     0 | D:1      | AtlasWard the Draconian Monk began the quest for the Orb.
     0 | D:1      | Reached XP level 1. HP: 19/19 MP: 1/1
   112 | D:1      | Reached XP level 2. HP: 26/26 MP: 2/2
   456 | D:1      | Reached XP level 3. HP: 33/33 MP: 3/3
   757 | D:2      | Noticed Natasha
   765 | D:2      | Slain by Natasha

Illustrated notes

Levels and vault maps discovered:
D:1:      shiori_arrival_maze, layout_loops_ring
D:2:      layout_rooms, kennysheep_crisscross, uniq_natasha

Action                     || total
---------------------------++-------
  Melee: Hand axe          ||    68
         Tailslap          ||     9
 Armour: Skin              ||    17
  Dodge: Dodged            ||    47

Table legend: (Time is in decaauts)
 A = Elapsed time spent in this place.
 B = Non-inter-level travel time spent in this place.
 C = Inter-level travel time spent in this place.
 D = Time resting spent in this place.
 E = Time spent auto-exploring this place.
 F = Levels seen in this place.
 G = Mean time per level.
                   A        B        C        D        E       F      G
               +--------+--------+--------+--------+--------+-----+--------+
         Total |    777 |    762 |     15 |      0 |    587 |   2 |  388.5 |
       Dungeon |    777 |    762 |     15 |      0 |    587 |   2 |  388.5 |
               +--------+--------+--------+--------+--------+-----+--------+

Top non-repeatable levels by time:
     D:1: 625 daAuts
     D:2: 152 daAuts
